 Dungeon Crawl Stone Soup version 0.20.1-1-g8b1a95d (webtiles) character file.

264 Jazqa the Skirmisher (level 5, -14/50 HPs)
             Began as a Minotaur Fighter on Oct 27, 2017.
             Was an Initiate of Okawaru.
             Demolished by an ogre
             ... wielding a +0 giant club
              (22 damage)
             ... on level 4 of the Dungeon.
             The game lasted 00:03:30 (2729 turns).

Jazqa the Skirmisher (Minotaur Fighter)             Turns: 2729, Time: 00:03:31

Health: -14/50     AC: 11    Str: 26    XL:     5   Next: 98%
Magic:  4/4        EV:  4    Int:  5    God:    Okawaru [......]
Gold:   146        SH: 10    Dex: 10    Spells: 4/4 levels left

rFire    . . .     SeeInvis .   a - +0 flail
rCold    . . .     Gourm    .   c - +0 shield
rNeg     . . .     Faith    .   p - +0 plate armour
rPois    .         Spirit   .   (helmet restricted)
rElec    .         Reflect  .   (no cloak)
rCorr    .         Harm     .   (no gloves)
MR       .....                  (no boots)
Stlth    ..........             (no amulet)
Regen    0.2/turn               (no ring)
MPRegen  0.1/turn               (no ring)

@: mighty
A: retaliatory headbutt, horns 2
a: Renounce Religion


You were on level 4 of the Dungeon.
You worshipped Okawaru.
Okawaru was noncommittal.
You were not hungry.

You visited 1 branch of the dungeon, and saw 4 of its levels.

You collected 146 gold pieces.


Innate Abilities, Weirdness & Mutations

You reflexively headbutt those who attack you in melee.
You have a pair of horns on your head.


   Skills:
 + Level 6.3 Fighting
 + Level 5.5 Maces & Flails
 - Level 3.6 Armour
 - Level 3.6 Shields


You had 4 spell levels left.
You didn't know any spells.

Inventory:

Hand Weapons
 a - a +0 flail (weapon)
 o - a +2 flail of distortion
Armour
 c - a +0 shield (worn)
 p - a +0 plate armour (worn)
Wands
 l - a wand of disintegration (11/24)
 r - a wand of lightning (10/15)
Scrolls
 b - 2 scrolls of fog {unknown}
 e - 3 scrolls of remove curse {@r2}
 j - 4 scrolls of identify {@r1}
 m - a scroll of teleportation {unknown}
Potions
 g - 2 potions of agility
 k - a potion of curing {@q1}
 q - a potion of berserk rage {unknown}
Books
 n - a book of Misfortune

   Spells                             Type                      Level
   a - Confusing Touch                Hexes                        1
   b - Confuse                        Hexes                        3
   c - Gell's Gravitas                Translocation                3
   d - Petrify                        Transmutation/Earth          4
   e - Metabolic Englaciation         Hexes/Ice                    5
   f - Yara's Violent Unravelling     Hexes/Transmutation          5
Comestibles
 f - 4 bread rations {@e1}
 h - a royal jelly {@e3}
 i - 9 fruits {@e2}

Dungeon Overview and Level Annotations

Branches:
Dungeon (4/15)
 Temple: D:4-7

Altars:
Ashenzari
Gozag
Nemelex Xobeh
Okawaru

#.##.....#...
#.##...#.#...
#.##..#⌠)##'#
######............
#.....>.#####.....
#..###..#...#....)
...#####..# #..#...'...⚑.
..........# #..#...#.....
##.#####@## #..####......
#O# #............ ####.#
#......⌠.##+#
#.##....####.###.##.....
#.##................#...
##.........######....#...
#............# #....####
#..........#.# #........
#..##...#.##.# #.#######


You could see an ogre.


Message History

You open the door.
There is an open door here.
Found a lumpy yellow potion.
q - a lumpy yellow potion
Found a fruit.
i - 9 fruits {@e2} (gained 1)
Found a jewelled bone wand.
r - a wand of lightning (?/15)
An ogre comes into view. It is wielding a giant club.
The ogre shouts!
An ogre is nearby!
An ogre is nearby!
An ogre is nearby!
You hit the ogre.
The ogre is lightly wounded.
The ogre hits you with a giant club!!
Ouch! That really hurt!
* * * LOW HITPOINT WARNING * * *
Unknown command.
You feel very mighty all of a sudden. The ogre hits you but does no damage.
Unknown command.
Your plate armour prevents you from hitting the ogre.
The ogre is lightly wounded.
The ogre hits you with a giant club!!
* * * LOW HITPOINT WARNING * * *
You hit the ogre.
The ogre is lightly wounded.
The ogre hits you with a giant club!!
You die...

Skill      XL: |  1  2  3  4  5 |
---------------+----------------+-----
Fighting       | 4 5 6 |  6.3
Maces & Flails | 3 4 5 |  5.5
Armour         | |  3.6
Shields        | |  3.6

Action                   |  1- 3 |  4- 6 || total
-------------------------+-------+-------++-------
Melee: Flail             |    93 |    65 ||   158
       Headbutt          |    11 |    11 ||    22
  Use: Scroll            |       |     4 ||     4
       Potion            |       |     1 ||     1
  Eat: Chunk             |     1 |     5 ||     6
Armor: Scale mail        |    33 |    24 ||    57
       Plate armour      |       |     1 ||     1
Dodge: Dodged            |    25 |    10 ||    35
Block: Shield            |    49 |    30 ||    79

Vault maps used:
D:1:      dpeg_arrival_water_temple_mockup, minmay_misc_feat_tiny
D:2:      nicolae_overflow_hidden_temple, first_bread, uniq_jessica
D:3:      gammafunk_temple_overflow_pools, kennysheep_decorative_pillar,
          hex_tiny, uniq_natasha
D:4:      minmay_temple_entry_junction, evilmike_ruin_ashenzari,
          uniq_blork_the_orc

Notes
Turn   | Place    | Note
-------+----------+-------------------------------------------
     0 | D:1      | Jazqa the Minotaur Fighter began the quest for the Orb.
     0 | D:1      | Reached XP level 1. HP: 19/19 MP: 0/0
    50 | D:1      | Reached skill level 4 in Fighting
    54 | D:1      | Reached XP level 2. HP: 19/27 MP: 1/1
   149 | D:1      | Reached skill level 3 in Maces & Flails
   441 | D:1      | Reached XP level 3. HP: 33/33 MP: 2/2
  1035 | D:2      | Found an opulent altar of Gozag.
  1050 | D:2      | Reached skill level 4 in Maces & Flails
  1174 | D:2      | Reached skill level 5 in Fighting
  1174 | D:2      | Reached XP level 4. HP: 41/42 MP: 3/3
  1224 | D:2      | Noticed Jessica
  1228 | D:2      | Killed Jessica
  1703 | D:3      | Noticed Natasha
  1709 | D:3      | Killed Natasha
  1709 | D:3      | Reached XP level 5. HP: 41/49 MP: 4/4
  1837 | D:3      | Reached skill level 5 in Maces & Flails
  1872 | D:3      | Noticed Natasha
  1877 | D:3      | Killed Natasha
  1966 | D:3      | Noticed Natasha
  1973 | D:3      | Killed Natasha
  1973 | D:3      | Reached skill level 6 in Fighting
  2496 | D:3      | Found an iron altar of Okawaru.
  2497 | D:3      | Found a sparkling altar of Nemelex Xobeh.
  2511 | D:3      | Became a worshipper of Warmaster Okawaru
  2587 | D:4      | Found a shattered altar of Ashenzari.
  2719 | D:4      | Noticed an ogre
  2729 | D:4      | Demolished by an ogre

Vanquished Creatures
  An orc wizard (D:3)
  Jessica (D:2)
  Natasha (thrice) (D:3)
  8 adders
  A worm (D:2)
  2 dart slugs (D:1)
  A leopard gecko (D:1)
  2 orcs (D:3)
  7 bats
  2 giant cockroaches (D:2)
  6 hobgoblins
  4 jackals (D:1)
  7 frilled lizards
  7 goblins
  8 kobolds
  8 rats
68 creatures vanquished.
